 Dungeon Crawl Stone Soup version 0.28-a0-1429-gf3d713df7a (webtiles) character file.

Game seed: 12964657725914366418

947 HallandMoats the Ruffian (level 7, -3/62 (70) HPs)
             Began as a Troll Monk on Jan 9, 2022.
             Killed by divine providence
             ... invoked by an orc priest
              (14 damage)
             ... on level 5 of the Dungeon.
             The game lasted 00:03:44 (3925 turns).

HallandMoats the Ruffian (Troll Monk)               Turns: 3925, Time: 00:03:44

HP:   -3/62 (70)    AC:  5    Str: 22    XL:     7   Next: 89%
MP:   6/6           EV: 11    Int:  6    God:
Gold: 203           SH:  0    Dex: 14    Spells: 6/6 levels left

rFire   + . .      SeeInvis .   b - +8 hunting sling of the Destroying Traitor {venom, rF+ rC- rCorr Str+2}
rCold   x . .      Faith    .   (no shield)
rNeg    . . .      Spirit   .   a - +0 robe
rPois   .          Reflect  .   (helmet restricted)
rElec   .          Harm     .   o - +0 cloak
rCorr   +          Rampage  .   (gloves unavailable)
Will    .....                   (boots unavailable)
Stlth   ++........              (no amulet)
HPRegen 1.00/turn               (no ring)
MPRegen 0.10/turn               (no ring)

@: heavily drained
A: large, unfitting armour, claws 3, regeneration 1, shaggy fur 1, tough skin 1
a: no special abilities


You were on level 5 of the Dungeon.
You visited 1 branch of the dungeon, and saw 5 of its levels.
You also visited: Ossuary.

You collected 203 gold pieces.

Inventory:

Hand Weapons
 b - the +8 hunting sling of the Destroying Traitor (weapon) {venom, rF+ rC- rCorr Str+2}
   (You found it on level 2 of the Dungeon)

   Any ammunition fired from it poisons the flesh of those it strikes.
   Str:       It affects your strength (+2).
   rF:        It protects you from fire.
   rC:        It makes you vulnerable to cold.
   rCorr:     It protects you from acid and corrosion.
Missiles
 p - 7 sling bullets (quivered ammo)
Armour
 a - a +0 robe (worn)
 o - a +0 cloak (worn)
Jewellery
 h - a +6 ring of intelligence
 s - a ring of fire
 t - the amulet "Tupt" {Acrobat rC++}
   (You found it on level 3 of the Dungeon)

   [amulet of the acrobat]

   It increases your evasion while moving and waiting.
   rC:        It greatly protects you from cold.
 D - a ring of flight
 E - a ring of positive energy
Wands
 v - a wand of flame (11)
 w - a wand of acid (5)
Scrolls
 i - 2 scrolls of enchant armour {unknown}
 j - 4 scrolls of identify {unknown}
 k - 4 scrolls of fear {unknown}
 n - a scroll of torment {unknown}
 q - a scroll of immolation {unknown}
 r - 2 scrolls of blinking {unknown}
 x - 3 scrolls of teleportation {unknown}
 y - 2 scrolls of enchant weapon {unknown}
 z - a scroll of vulnerability {unknown}
 C - a scroll of fog {unknown}
 F - a scroll of noise {unknown}
Potions
 c - 3 potions of brilliance {unknown}
 d - 5 potions of flight {unknown}
 e - 2 potions of lignification {unknown}
 f - a potion of heal wounds {unknown}
 g - 3 potions of magic {unknown}
 l - 2 potions of mutation {unknown}
 m - a potion of resistance {unknown}
 u - a potion of might {unknown}
 A - a potion of attraction {unknown}
 B - 2 potions of curing {unknown}


   Skills:
 + Level 4.0 Fighting
 * Level 3.1 Slings
 + Level 2.8 Armour
 + Level 3.9 Dodging
 - Level 1.0 Stealth
 + Level 4.8 Unarmed Combat


You had 6 spell levels left.
You didn't know any spells.
Your spell library contained the following spells:

 Spells                   Type           Power      Damage    Failure   Level
 Tukima's Dance           Hex            0%         N/A       83%         3
 Airstrike                Air            0%         N/A       99%         4
 Passage of Golubria      Tloc           0%         N/A       99%         4
 Summon Lightning Spire   Summ/Air       0%         N/A       99%         4
 Lightning Bolt           Conj/Air       0%         1d11      100%        5
 Yara's Violent Unravell  Hex/Tmut       0%         3d3       100%        5
 Borgnjor's Revivificati  Necr           0%         N/A       100%        8
 Necromutation            Tmut/Necr      0%         N/A       100%        8
 Death's Door             Necr           0%         N/A       100%        9


Dungeon Overview and Level Annotations

Branches:
Dungeon (5/15)            Ossuary (visited)
 Temple: D:4-7

Altars:

Shops:
D:1 =


Innate Abilities, Weirdness & Mutations

You are too large for most types of armour.
You have claws for hands.
Your natural rate of healing is unusually fast.
You are covered in fur. (AC +1)
You have tough skin. (AC +1)


Message History

Things that are here:
a +4 long sword; a +0 robe
There is a stone staircase leading down here.
You start resting.
HP restored.
You climb downwards.
There is a stone staircase leading up here.
You feel stronger.
The +8 hunting sling of the Destroying Traitor {venom, rF+ rC- rCorr Str+2} begins to drip with poison!
b - the +8 hunting sling of the Destroying Traitor (weapon)
{venom, rF+ rC- rCorr Str+2} You shoot a sling bullet.
The sling bullet barely misses the wight.
The wight barely misses you.
You shoot a sling bullet.
The sling bullet barely misses the orc priest.
The wight hits you from afar with a +3 trident.
You feel drained.
You shoot a sling bullet.
The sling bullet hits the orc priest but does no damage.
The wight hits you from afar with a +3 trident!
You feel drained.
The orc priest hits you with a +0 dagger.
The wight closely misses you.
You shoot a sling bullet. The sling bullet hits the orc priest.
The orc priest is moderately wounded.
The wight hits you from afar with a +3 trident.
The orc priest hits you with a +0 dagger.
The wight barely misses you.
You shoot a sling bullet.
The sling bullet barely misses the orc priest.
The wight hits you from afar with a +3 trident.
You feel drained.
The orc priest hits you with a +0 dagger.
The wight hits you from afar with a +0 trident!
You feel drained.
The wight hits you from afar with a +3 trident!
* * * LOW HITPOINT WARNING * * *
The orc priest mumbles some strange prayers to Beogh against you.
Beogh smites you!
You die...

#........# #.......
#.......## #..####.
######....#########...# #.
#.....................# #.
#<####....#########...# #.
#.# ##.#....[.......## #.
#.## #.#......#####.# ##
#.##..####.#......#####.#####
#...........@oo....(.........
###...........z...#####.#####
##..>###.#..z.(.# ###......
#..## #.#.##..####.#.#####
#..# #......(###g#..# # #..#
#....##.##.###.## # #..#
#.#..##...## ##.# #.##
#.#..#####z###.## ##.#..#
##.#..#


You could see 2 wights, an orc priest and an orc.

Vanquished Creatures
  A wraith (Ossuary)
  A centaur (D:5)
  3 ogres
  3 wights
  A bullfrog skeleton (D:4)
  A hound (D:4)
  A gnoll shaman (D:5)
  An iguana (D:4)
  Ijyb (D:4)
  A mummy (Ossuary)
  A howler monkey zombie (D:5)
  7 gnolls
  A howler monkey skeleton (D:5)
  2 adders
  An adder skeleton (D:5)
  3 dart slugs
  6 orcs
  A bat (D:2)
  7 endoplasms
  4 giant cockroaches
  4 goblins
  4 hobgoblins
  A quokka (D:1)
  8 ball pythons
  2 frilled lizards (D:1)
  5 gnoll skeletons (Ossuary)
  2 kobolds
  11 kobold skeletons (Ossuary)
  9 orc skeletons (Ossuary)
  2 rats (D:1)
95 creatures vanquished.

Vanquished Creatures (others)
  3 demonic plants (D:2)
  A withered plant (D:2)
4 creatures vanquished.

Grand Total: 99 creatures vanquished

Notes
Turn   | Place    | Note
-------+----------+-------------------------------------------
     0 | D:1      | HallandMoats the Troll Monk began the quest for the Orb.
     0 | D:1      | Reached XP level 1. HP: 22/22 MP: 0/0
   148 | D:1      | Reached XP level 2. HP: 29/29 MP: 1/1
   481 | D:1      | Found Cuthurruath's Jewellery Shoppe.
   789 | D:2      | Found a faded altar of an unknown god.
   862 | D:2      | Reached XP level 3. HP: 33/36 MP: 2/2
  1045 | D:2      | Identified the +8 hunting sling of the Destroying Traitor
                  | {venom, rF+ rC- rCorr Str+2}
  1283 | D:2      | Noticed an ogre
  1287 | D:2      | Killed an ogre
  1288 | D:2      | Reached skill level 1 in Slings
  1288 | D:2      | Reached skill level 1 in Armour
  1288 | D:2      | Reached XP level 4. HP: 45/45 MP: 3/3
  1593 | D:3      | Reached XP level 5. HP: 53/53 MP: 4/4
  1836 | D:3      | Identified the amulet "Tupt" {Acrobat rC++}
  2165 | D:4      | Noticed an ogre
  2167 | D:4      | Killed an ogre
  2328 | D:4      | Reached XP level 6. HP: 61/61 MP: 5/5
  2384 | D:4      | Noticed Ijyb
  2390 | D:4      | Killed Ijyb
  2617 | D:4      | Found a sand-covered staircase.
  2622 | Ossuary  | Entered an ossuary
  2622 | Ossuary  | Noticed a wraith
  2622 | Ossuary  | Noticed a wraith
  2622 | Ossuary  | Noticed a wraith
  2686 | Ossuary  | Noticed a wraith
  2704 | Ossuary  | Killed a wraith
  2705 | Ossuary  | Reached XP level 7. HP: 60/67 MP: 6/6
  3269 | D:4      | Found Hourorra's Antique Armour Shop.
  3391 | D:5      | Entered Level 5 of the Dungeon
  3925 | D:5      | Killed from afar by an orc priest

Illustrated notes

Levels and vault maps discovered:
D:1:      mrwooster_arrival_statue_2, layout_basic, serial_shops,
          nicolae_lakefront_shop, minmay_tromino_v4_a
D:2:      layout_basic, shapermc_ecumenical_altar_gd
D:3:      layout_basic, serial_corexii_hall, corexii_hall_statues_t,
          chequers_hall_statues_corner_a
D:4:      layout_loops_corners, enter_ossuary_5, serial_shops,
          kennysheep_little_box, uniq_ijyb
D:5:      layout_loops_ring

Skill      XL: |  1  2  3  4  5  6  7 |
---------------+----------------------+-----
Fighting       | 3 4 |  4.0
Slings         | 1 2 3 |  3.1
Armour         | 1 2 |  2.8
Dodging        | 3 |  3.9
Unarmed Combat | 4 |  4.8
Stealth        | |  1.0

Action                   |  1- 3 |  4- 6 |  7- 9 || total
-------------------------+-------+-------+-------++-------
Melee: Unarmed           |    63 |       |     3 ||    66
       Punch             |     1 |       |       ||     1
 Fire: Hunting sling     |     7 |    64 |    71 ||   142
 Stab: Sleeping          |     4 |       |       ||     4
Armor: Robe              |    19 |     3 |     1 ||    23
Dodge: Dodged            |    23 |     6 |    11 ||    40

Table legend: (Time is in decaauts)
 A = Elapsed time spent in this place.
 B = Non-inter-level travel time spent in this place.
 C = Inter-level travel time spent in this place.
 D = Time resting spent in this place.
 E = Time spent auto-exploring this place.
 F = Levels seen in this place.
 G = Mean time per level.
                   A        B        C        D        E       F      G
               +--------+--------+--------+--------+--------+-----+--------+
         Total |   3935 |   3825 |    110 |     37 |   3256 |   6 |  655.8 |
       Dungeon |   3675 |   3565 |    110 |     37 |   3072 |   5 |  735.0 |
       Ossuary |    259 |    259 |      0 |      0 |    184 |   1 |  259.0 |
               +--------+--------+--------+--------+--------+-----+--------+

Top non-repeatable levels by time:
     D:4: 1072 daAuts
     D:2: 744 daAuts
     D:1: 721 daAuts
     D:3: 644 daAuts
     D:5: 492 daAuts
 Ossuary: 259 daAuts
